 Dungeon Crawl Stone Soup version 0.29.1-1-gd02db6906a (webtiles) character file.

Game seed: 11856796718872786678

1198 fireball365 the Cudgeller (level 8, -3/66 HPs)
             Began as a Minotaur Fighter on Oct 13, 2022.
             Was an Initiate of Gozag.
             Slain by Duvessa
             ... wielding a +0 short sword
              (9 damage)
             ... on level 6 of the Dungeon.
             The game lasted 00:20:34 (5744 turns).

fireball365 the Cudgeller (Minotaur Fighter)        Turns: 5744, Time: 00:20:35

Health: -3/66      AC: 13    Str: 22    XL:     8   Next: 20%
Magic:  7/7        EV:  8    Int:  5    God:    Gozag
Gold:   986        SH:  5    Dex: 11    Spells: 7/7 levels left

rFire   . . .      SeeInvis .   v - +0 morningstar (chaos)
rCold   . . .      Faith    .   c - +0 buckler
rNeg    . . .      Spirit   .   e - +0 chain mail
rPois   .          Reflect  .   (helmet restricted)
rElec   .          Harm     .   u - +1 cloak
rCorr   .          Rampage  .   p - +0 pair of gloves
Will    .....                   (no boots)
Stlth   ..........              (no amulet)
HPRegen 0.21/turn               (no ring)
MPRegen 0.10/turn               (no ring)

@: no status effects
A: horns 2, retaliatory headbutt
a: Renounce Religion, Potion Petition, Call Merchant, Bribe Branch


You were on level 6 of the Dungeon.
You worshipped Gozag.
Gozag was pleased with you.
You visited 1 branch of the dungeon, and saw 6 of its levels.

You collected 986 gold pieces.

Inventory:

Hand Weapons
 a - a +0 war axe
 v - a +0 morningstar of chaos (weapon)
 A - a +2 falchion of holy wrath
Missiles
 k - 8 curare-tipped darts (quivered)
 m - 5 boomerangs
 r - 27 stones
 B - 2 poisoned darts
Armour
 b - a +0 scale mail
 c - a +0 buckler (worn)
 e - a +0 chain mail (worn)
 f - a +0 pair of gloves
 p - a +0 pair of gloves (worn)
 u - a +1 cloak (worn)
Magical Staves
 o - a staff of conjuration
 q - a staff of poison
Scrolls
 g - a scroll of identify
 i - 2 scrolls of blinking
 n - a scroll of noise
 s - a scroll of teleportation
 y - 2 scrolls of magic mapping
 z - 2 scrolls of amnesia
Potions
 d - a potion of might
 h - a potion of curing
 j - a potion of mutation {unknown}
 l - 3 potions of flight
 t - a potion of invisibility {unknown}
 w - 2 potions of lignification


   Skills:
 - Level 4.2 Fighting
 + Level 5.4(7.4) Axes
 * Level 7.8(8.6) Maces & Flails
 + Level 6.5 Armour
 + Level 2.0 Dodging
 + Level 4.7 Shields


You had 7 spell levels left.
You didn't know any spells.
Your spell library contained the following spells:

 Spells                   Type           Power      Damage    Failure   Level
 Foxfire                  Conj/Fire      0%         2x1d4     99%         1
 Sandblast                Erth           0%         2d4       99%         1
 Passwall                 Tmut/Erth      0%         N/A       100%        2
 Conjure Flame            Conj/Fire      0%         6-21      100%        3
 Ignite Poison            Fire/Tmut/Pois 0%         N/A       100%        3
 Inner Flame              Hex/Fire       0%         N/A       100%        3
 Portal Projectile        Hex/Tloc       0%         N/A       100%        3
 Stone Arrow              Conj/Erth      0%         3d7       100%        3
 Tukima's Dance           Hex            0%         N/A       100%        3
 Flame Wave               Conj/Fire      0%         2d4       100%        4
 Sticky Flame             Conj/Fire      0%         2d3       100%        4
 Blade Hands              Tmut           0%         N/A       100%        5
 Dispersal                Tloc           0%         N/A       100%        6
 Disjunction              Tloc           0%         N/A       100%        8


Dungeon Overview and Level Annotations

Branches:
Dungeon (6/15)
 Temple: D:4-7

Altars:
Cheibriados
Dithmenos
Fedhas
Gozag
Okawaru
Qazlal
Ru
Xom
Zin

Annotations:
D:6 Duvessa


Innate Abilities, Weirdness & Mutations

You have a pair of horns on your head.
You reflexively headbutt those who attack you in melee.


Message History

Duvessa goes berserk!
Duvessa hits you but does no damage. Duvessa barely misses you.
Your Dodging skill increases to level 2!
Items here: ! $ ) [.
You barely miss Duvessa.
Duvessa is lightly wounded.
You block Duvessa's attack. Duvessa hits you with a +0 short sword!
You hit Duvessa but do no damage.
Duvessa is lightly wounded.
Duvessa hits you with a +0 short sword! Duvessa barely misses you.
You hit Duvessa but do no damage.
Duvessa is poisoned.
You headbutt Duvessa, but do no damage. Duvessa hits you but does no damage.
You barely miss Duvessa. You headbutt Duvessa, but do no damage.
You block Duvessa's attack. x2
You barely miss Duvessa. Your headbutt misses Duvessa.
Duvessa is lightly wounded.
Duvessa hits you with a +0 short sword! x2
You hit Duvessa.
Duvessa appears confused.
Duvessa is lightly wounded.
Duvessa hits you with a +0 short sword!
* * * LOW HITPOINT WARNING * * *
Duvessa hits herself but does no damage.
You hit Duvessa.
Duvessa is moderately wounded.
You block Duvessa's attack.
You hit Duvessa.
Duvessa looks even sicker.
Duvessa is moderately wounded.
You feel better.
Duvessa seems less confused.
You block Duvessa's attack.
You completely miss Duvessa. Your headbutt misses Duvessa.
Duvessa is heavily wounded.
Duvessa barely misses you. Duvessa hits you with a +0 short sword.
* * * LOW HITPOINT WARNING * * *
You puncture Duvessa!
Duvessa flickers and vanishes!
Deactivating autopickup; reactivate with Ctrl-A.
Something hits you.
* * * LOW HITPOINT WARNING * * *
You completely miss something. You headbutt something. Something hits you!
You die...
Your body crumbles into a pile of gold.

.....#...........###..#........#.
................####..##....#....
......##....##.###..........#...#
.....####.###...#....#......#####
...... #...............##..#....
.#)...............##.#.........#.
.#................#..#. #..... ##
.................{.# .#...#
[.$.............@###.... .
.........$.......
.........#.#.....
......#..........
....###....#.... #... #.#..# #..
... ...... . ## .... ....


There were no monsters in sight!

Vanquished Creatures
  A water moccasin (D:6)
  An ice beast (D:3)
  A sky beast (D:4)
  An ogre (D:5)
  2 phantoms
  A necrophage (D:6)
  2 scorpions
  Dowan (D:6)
  A howler monkey (D:5)
  4 hounds
  4 iguanas
  An orc wizard (D:6)
  5 adders
  A shadow imp (D:5)
  An ufetubus (D:4)
  4 worms
  4 dart slugs
  10 orcs
  10 endoplasms
  2 giant cockroaches
  7 goblins
  14 hobgoblins
  5 jackals (D:3)
  3 ball pythons
  2 bats
  4 frilled lizards
  5 kobolds
  3 rats
100 creatures vanquished.

Notes
Turn   | Place    | Note
-------+----------+-------------------------------------------
     0 | D:1      | fireball365 the Minotaur Fighter began the quest for the
                  | Orb.
     0 | D:1      | Reached XP level 1. HP: 19/19 MP: 0/0
    10 | D:1      | Found a shadowy altar of Dithmenos.
   151 | D:1      | Found a faded altar of an unknown god.
   185 | D:1      | Reached XP level 2. HP: 19/27 MP: 1/1
   882 | D:1      | Reached XP level 3. HP: 33/33 MP: 2/2
   931 | D:1      | Prayed at the altar of an unknown god.
   931 | D:1      | Became a worshipper of Gozag Ym Sagoz the Greedy
   991 | D:2      | Found a shimmering altar of Xom.
  1759 | D:3      | Reached XP level 4. HP: 40/40 MP: 3/3
  1897 | D:3      | Noticed an ice beast
  1899 | D:3      | Reached skill level 1 in Dodging
  1924 | D:3      | HP: 2/40 [ice beast (13)]
  1925 | D:3      | Killed an ice beast
  1926 | D:3      | Reached skill level 5 in Axes
  1926 | D:3      | Reached XP level 5. HP: 3/46 MP: 4/4
  2805 | D:3      | Found a glowing silver altar of Zin.
  3215 | D:4      | Found an iron altar of Okawaru.
  3290 | D:4      | Reached skill level 1 in Maces & Flails
  3290 | D:4      | Reached skill level 5 in Armour
  3497 | D:4      | Reached XP level 6. HP: 44/52 MP: 5/5
  3532 | D:4      | Found a snail-covered altar of Cheibriados.
  3609 | D:4      | Reached skill level 2 in Maces & Flails
  3664 | D:4      | Noticed a sky beast
  3682 | D:4      | Killed a sky beast
  3683 | D:4      | Reached skill level 3 in Maces & Flails
  4217 | D:5      | Entered Level 5 of the Dungeon
  4270 | D:5      | Reached skill level 4 in Maces & Flails
  4368 | D:5      | Reached XP level 7. HP: 11/59 MP: 6/6
  4372 | D:5      | HP: 2/59 [something (1)]
  4376 | D:5      | Reached skill level 5 in Maces & Flails
  4920 | D:5      | Reached skill level 6 in Maces & Flails
  4970 | D:5      | Found a blossoming altar of Fedhas.
  5258 | D:6      | Found a stormy altar of Qazlal.
  5503 | D:6      | Reached skill level 7 in Maces & Flails
  5503 | D:6      | Reached XP level 8. HP: 66/66 MP: 7/7
  5641 | D:6      | Found a sacrificial altar of Ru.
  5719 | D:6      | Noticed Dowan
  5719 | D:6      | Noticed Duvessa
  5730 | D:6      | Killed Dowan
  5744 | D:6      | Slain by Duvessa

Illustrated notes

Levels and vault maps discovered:
D:1:      sevenhm_arrival_forest_fort_small_6, layout_loops_ring,
          shapermc_ecumenical_altar_totnotflames
D:2:      layout_basic, basic_altar, minmay_pentomino_s2
D:3:      layout_basic, general_overflow_altar
D:4:      layout_loops_ring, kennysheep_little_box, okawaru_ov_weapons_minmay
D:5:      layout_rooms, fedhas_altar_fruit_tree, kennysheep_small_square
D:6:      layout_cave_pools, mainiacjoe_overflow_alcove_2,
          nicolae_overflow_hidden_temple, amcnicky_altar_gilded,
          grunt_decor_cap, uniq_duvessa

Skill      XL: |  1  2  3  4  5  6  7  8 |
---------------+-------------------------+-----
Fighting       | 4 |  4.2
Armour         | 4 5 6 |  6.5
Axes           | 3 5 |  5.4
Dodging        | 1 2 |  2.0
Shields        | 4 |  4.7
Maces & Flails | 1 4 7 |  7.8

Action                   |  1- 3 |  4- 6 |  7- 9 || total
-------------------------+-------+-------+-------++-------
Melee: War axe           |    82 |    30 |       ||   112
       Headbutt          |     6 |    16 |    11 ||    33
       Morningstar       |       |    87 |    81 ||   168
  Use: Scroll            |       |    11 |     1 ||    12
       Potion            |       |       |     1 ||     1
Armor: Scale mail        |    35 |       |       ||    35
       Chain mail        |    19 |   123 |    57 ||   199
Dodge: Dodged            |    30 |    61 |    42 ||   133
Block: Buckler           |    18 |    32 |    16 ||    66
